 Dungeon Crawl Stone Soup version 0.25-a0-566-g062765be81 (webtiles) character file.

Game seed: 14948234991690424478, levelgen mode: deterministic

199424 Esekla the Eclecticist (level 17, -1/92 HPs)
             Began as a Deep Elf Wizard on Feb 26, 2020.
             Was the Champion of Qazlal.
             Hit by a silver javelin thrown by a merfolk javelineer (6 damage)
             ... on level 3 of the Shoals on Feb 27, 2020.
             The game lasted 07:44:38 (36369 turns).

Esekla the Eclecticist (Deep Elf Wizard)           Turns: 36369, Time: 07:44:38

Health: -1/92      AC: 19    Str: 10    XL:     17   Next: 84%
Magic:  37/40      EV: 20    Int: 26    God:    Qazlal [******]
Gold:   2672       SH: 16    Dex: 19    Spells: 20/51 levels left

rFire    + + .     SeeInvis .   w - +7 Screaming Sword {vorpal, sonic wave}
rCold    . . .     Gourm    .   N - +0 buckler {rF+}
rNeg     + . .     Faith    .   M - +3 troll leather armour
rPois    +         Spirit   .   W - +2 helmet "Exiler" {+Inv rPois Str-2}
rElec    .         Reflect  +   u - +2 cloak {MR+}
rCorr    .         Harm     .   U - +1 pair of gloves {archery}
MR       +++++                  T - +2 pair of boots
Stlth    +.........             E - amulet "Enil" {Reflect +Blink MR++ SH+2}
HPRegen  0.65/turn              i - +5 ring of strength
MPRegen  0.27/turn              R - ring of Bon Gink {rF+ rN+ Dex+4}

@: repel missiles
A: magic resistance 2
}: 1/15 runes: serpentine
a: Upheaval, Elemental Force, Disaster Area, Renounce Religion, Evoke Blink,
Evoke Invisibility


You were on level 3 of the Shoals.
You worshipped Qazlal.
Qazlal was exalted by your worship.
You were very hungry.

You visited 6 branches of the dungeon, and saw 31 of its levels.
You also visited: Ice Cave.

You collected 3815 gold pieces.
You spent 1143 gold pieces at shops.

Inventory:

Hand Weapons
 n - the +4 trident of a Hundred Demons {drain, rC+}
   (You found it on level 5 of the Lair of Beasts)

   A truly terrible weapon, it drains the life of those it strikes.
   It protects you from cold.
 w - the +7 Screaming Sword (weapon) {vorpal, sonic wave}
   (You found it on level 4 of the Dungeon)

   It inflicts extra damage upon your enemies.
 X - a +4 scimitar of flaming
Missiles
 g - 86 boomerangs
 h - 35 javelins
 v - 102 poisoned darts (quivered)
Armour
 o - a +0 hat of see invisible
 p - +0 acid dragon scales
 u - a +2 cloak of magic resistance (worn)
 K - a +3 ring mail of cold resistance
 M - a +3 troll leather armour (worn)
 N - a +0 buckler of fire resistance (worn)
 T - a +2 pair of boots (worn)
 U - a +1 pair of gloves of archery (worn)
 W - the +2 helmet "Exiler" (worn) {+Inv rPois Str-2}
   (You bought it in a shop on level 2 of the Orcish Mines)

   It affects your strength (-2).
   It protects you from poison.
   It lets you turn invisible.
   If you remove this armour, your AC will decrease by 3 (19 -> 16).
Jewellery
 i - a +5 ring of strength (left hand)
 k - an uncursed ring of ice
 q - an uncursed ring of positive energy
 y - an uncursed ring of wizardry
 C - an uncursed ring of protection from fire
 D - an uncursed amulet of regeneration
 E - the amulet "Enil" (around neck) {Reflect +Blink MR++ SH+2}
   (You bought it in a shop on level 2 of the Snake Pit)

   [amulet of reflection]

   It shields you and reflects attacks.
   It affects your resistance to hostile enchantments.
   It lets you blink.
   It affects your SH (+2).
 R - the ring of Bon Gink (right hand) {rF+ rN+ Dex+4}
   (You found it in an ice cave)

   [ring of dexterity]

   It affects your dexterity (+4).
   It protects you from fire.
   It protects you from negative energy.
 V - an uncursed ring of resist corrosion
 Z - an uncursed ring of ice
Wands
 a - a wand of disintegration (34)
 b - a wand of clouds (8)
 j - a wand of digging (4)
 s - a wand of paralysis (9)
 t - a wand of flame (118)
 x - a wand of iceblast (18)
 Q - a wand of polymorph (20)
Scrolls
 c - 8 scrolls of blinking
 l - 6 scrolls of fear
 A - 8 scrolls of teleportation
 B - 5 scrolls of fog
 G - 4 scrolls of remove curse
 I - 3 scrolls of magic mapping
 J - a scroll of holy word
 P - 5 scrolls of identify
Potions
 e - 3 potions of ambrosia
 m - 3 potions of haste
 r - 3 potions of might
 z - 4 potions of flight
 F - 4 potions of brilliance
 H - 4 potions of lignification
 O - 3 potions of magic
Miscellaneous
 L - a lamp of fire
 Y - a tin of tremorstones
Comestibles
 d - 40 rations


   Skills:
 + Level 5.0 Fighting
   Level 1.1(12.0) Short Blades
 + Level 16.4 Long Blades
 + Level 8.0 Throwing
 - Level 5.0 Armour
 * Level 10.7 Dodging
 - Level 3.5 Stealth
 + Level 6.8 Shields
 * Level 17.7 Spellcasting
 + Level 8.9 Conjurations
 + Level 7.0 Hexes
   Level 1.1 Summonings
 + Level 6.0 Necromancy
 + Level 4.4 Translocations
 + Level 6.0 Fire Magic
 * Level 0.5 Ice Magic
 + Level 5.5 Air Magic
 + Level 6.5 Poison Magic
 * Level 8.4 Evocations


You had 20 spell levels left.
You knew the following spells:

 Your Spells              Type           Power        Failure   Level  Hunger
a - Apportation           Tloc           #####.       1%          1    None
b - Blink                 Tloc           N/A          1%          2    None
c - Mephitic Cloud        Conj/Pois/Air  ######..     1%          3    None
d - Magic Dart            Conj           ####         1%          1    None
e - Tukima's Dance        Hex            ######..     1%          3    None
f - Conjure Flame         Conj/Fire      ######..     1%          3    None
h - Hailstorm             Conj/Ice       #####...     3%          4    None
i - Corona                Hex            ######.      1%          1    None
r - Frozen Ramparts       Ice            ####..       6%          3    None
u - Dispel Undead         Necr           ######..     2%          4    None
v - Vampiric Draining     Necr           ######....   1%          3    None
z - Ozocubu's Armour      Chrm/Ice       ###.....     8%          3    None

Your spell library contained the following spells:

 Spells                   Type           Power        Failure   Level  Hunger
 Animate Skeleton         Necr           N/A          1%          1    None
 Pain                     Necr           ####         1%          1    None
 Summon Butterflies       Summ           ####....     1%          1    None
 Summon Small Mammal      Summ           ####         1%          1    None
 Corpse Rot               Necr/Air       N/A          1%          2    None
 Slow                     Hex            ######..     1%          2    None
 Sublimation of Blood     Necr           ######....   1%          2    None
 Lesser Beckoning         Tloc           #####.....   1%          3    None
 Freeze                   Ice            ####         2%          1    None
 Call Imp                 Summ           ####....     2%          2    None
 Animate Dead             Necr           N/A          2%          4    None
 Agony                    Necr           ######..     6%          5    None
 Metabolic Englaciation   Hex/Ice        #####.....   16%         5    None
 Summon Ice Beast         Ice/Summ       ####....     19%         4    None
 Alistair's Intoxication  Tmut/Pois      #####...     21%         5    None
 Excruciating Wounds      Chrm/Necr      #####.....   22%         5    None
 Ice Form                 Ice/Tmut       ###.....     24%         4    None
 Invisibility             Hex            ######..     24%         6    ###....
 Freezing Cloud           Conj/Ice/Air   #####.....   47%         6    ###....
 Simulacrum               Ice/Necr       #####.....   73%         6    ###....
 Ozocubu's Refrigeration  Ice            ####......   97%         6    ###....


Dungeon Overview and Level Annotations

Branches:
Dungeon (15/15)            Temple (1/1) D:5            Lair (6/6) D:11
 Shoals (3/4) Lair:3        Snake (4/4) Lair:3        Slime (0/5) Lair:5
    Orc (2/2) D:10            Elf (0/3) Orc:2        Vaults (0/5) D:14
 Depths (0/5) D:15          IceCv (visited)

Altars:
Ashenzari
Cheibriados
Dithmenos
Elyvilon
Fedhas
Gozag
Hepliaklqana
Kikubaaqudgha
Makhleb
Nemelex Xobeh
Okawaru
Qazlal
Ru
Sif Muna
Trog
Uskayaw
Vehumet
Wu Jian
Xom
Yredelemnul
Zin
The Shining One
Beogh
Jiyva

Shops:
D:4 %   D:5 !   Orc:1 (   Orc:2 ([[?   Snake:1 ?(   Snake:2 }=}

Annotations:
Lair:6 exclusion: oklob plant
Shoals:1 exclusion: oklob plant
Shoals:3 Ilsuiw


Innate Abilities, Weirdness & Mutations

You are highly resistant to hostile enchantments. (MR++)


Message History

Press: ? - help, Shift-Dir - straight line, f - Ilsuiw, p - merfolk
Aim: Ilsuiw, wielding a +2 trident of freezing and wearing a +0 robe The ball explodes into a vile cloud!
The stinking cloud engulfs Ilsuiw but does no damage.
A water elemental comes into view.
The merfolk siren chants a haunting song.
You resist with almost no effort.
The merfolk is engulfed in freezing vapours.
You kill the merfolk!
Qazlal accepts your kill.
The faun shoots a sling bullet.
The sling bullet misses you.
The merfolk siren is engulfed in freezing vapours.
The merfolk siren hits you from afar with a +0 trident!
* * * LOW HITPOINT WARNING * * *
Ilsuiw is engulfed in noxious fumes.
You block Ilsuiw's attack.
Okay, then.
Okay, then.
The merfolk javelineer throws a silver javelin.
The silver javelin pierces through you.
You die...

...≈≈≈≈≈≈≈≈≈≈≈≈
....≈≈≈≈≈≈≈≈≈≈≈
...≈≈≈≈c≈..≈≈≈
#.≈≈≈≈≈....≈(
#((≈≈≈.....≈
#(≈≈≈......
#.°○).....≈
###§m...m.≈≈
#<.@c☼##.(≈≈
#☼.§...# ...
#§m○....... .
#mm☼.....≈..
.m.m.........
≈m≈≈≈H≈......≈
≈E≈≈≈≈≈≈.......
≈≈≈≈≈≈≈≈≈##....


You could see Ilsuiw, a merfolk javelineer, a merfolk, 2 fauns, a manticore, a
water elemental, 4 merfolk sirens and a water nymph.

Vanquished Creatures
  An Ice Fiend (IceCv)
  Gastronok (D:11)
  Kirke (Lair:5)
  7 nagarajas
  Donald (Snake:2)
  An orc warlord (Orc:2)
  Aizul (Snake:2)
  A stone giant (Shoals:2)
  Azrael (Snake:2)
  2 merfolk impalers
  An ettin (Orc:2)
  Josephine (Snake:1)
  4 vault guards
  An ice dragon (Snake:1)
  Harold (Orc:1)
  Fannar (Lair:3)
  13 naga warriors
  5 hydras
  A merfolk avatar (Shoals:1)
  5 centaur warriors
  2 catoblepae
  A merfolk aquamancer (Shoals:2)
  An alligator snapping turtle (Lair:3)
  2 anacondas
  A death knight (D:15)
  2 tengu warriors
  17 death yaks
  16 two-headed ogres
  A deep troll shaman (Lair:6)
  3 ogre magi
  Urug (D:13)
  2 shock serpents
  Sonja (Lair:3)
  9 naga sharpshooters
  A salamander mystic (Snake:2)
  3 unseen horrors
  5 sea snakes
  A death drake (shapeshifter) (D:15)
  2 deep trolls (Orc:2)
  A lindwurm (Lair:6)
  2 naga ritualists (Snake:4)
  A harpy (shapeshifter) (D:14)
  5 harpies (Shoals:2)
  4 deep elf magi
  3 mana vipers
  8 cyclopes
  An orc sorcerer (Orc:2)
  6 ugly things
  10 salamanders
  5 manticores
  12 slime creatures
  A guardian serpent (Snake:3)
  10 fauns
  9 elephants
  19 naga magi
  3 gargoyles
  4 merfolk sirens
  2 water nymphs
  18 black mambas
  An ice statue (IceCv)
  13 spiny frogs
  A kobold demonologist (D:15)
  A torpor snail (Lair:6)
  3 rime drakes
  5 freezing wraiths
  2 anaconda simulacra (IceCv)
  8 komodo dragons
  13 trolls
  A golden dragon simulacrum (IceCv)
  4 ice devils (IceCv)
  A tengu conjurer (D:14)
  2 polar bears (Lair:6)
  2 hornets
  13 merfolk
  2 wind drakes (Shoals:2)
  10 hippogriffs
  13 blink frogs
  8 dream sheep
  A spriggan (shapeshifter) (D:14)
  3 shadows
  4 snapping turtles (Shoals:2)
  3 centaur simulacra
  A spriggan (D:7)
  4 water elementals
  5 hogs
  2 dire elephant simulacra (IceCv)
  4 fire elementals (Snake:2)
  7 wraiths
  44 yaks
  7 wyverns
  4 basilisks
  2 hungry ghosts
  A hog (shapeshifter) (D:15)
  7 vampire mosquitoes
  Edmund (D:6)
  A warg (Orc:2)
  3 harpy simulacra (IceCv)
  3 iron troll simulacra (IceCv)
  An acid dragon (D:15)
  A death yak simulacrum (IceCv)
  70 nagas
  3 hydra simulacra (IceCv)
  9 water moccasins
  10 porcupines
  A hell hound (Snake:2)
  24 orc warriors
  4 sky beasts
  An ettin simulacrum (IceCv)
  A black bear (shapeshifter) (D:15)
  3 boggarts (D:15)
  2 black bears
  A necrophage (D:13)
  4 phantoms
  52 wolves
  An eye of draining (D:10)
  26 ogres
  8 centaurs
  10 crocodiles
  5 big kobolds
  12 bullfrogs
  A wyvern zombie (D:13)
  5 scorpions
  A scorpion (shapeshifter) (D:14)
  3 wyvern skeletons
  4 killer bees (D:8)
  4 wights
  5 electric eels (Lair:1)
  6 howler monkeys
  10 crimson imps
  2 quasits
  5 bullfrog zombies
  2 draconian simulacra (IceCv)
  3 centaur zombies
  7 hounds
  2 jellies
  22 orc wizards
  A gnoll shaman (D:6)
  4 centaur skeletons
  Crazy Yiuf (D:2)
  14 orc priests
  2 bullfrog skeletons
  Terence (D:2)
  3 spriggan simulacra (IceCv)
  9 worker ants
  6 troll simulacra (IceCv)
  2 polar bear simulacra (IceCv)
  A killer bee zombie (D:5)
  A wolf simulacrum (IceCv)
  A howler monkey zombie (D:8)
  2 worker ant zombies
  Robin (D:2)
  13 gnolls
  5 naga simulacra (IceCv)
  3 ogre simulacra (IceCv)
  2 river rats (D:11)
  8 adders
  A shadow imp (D:8)
  3 white imps (IceCv)
  5 ufetubi (IceCv)
  3 adder skeletons
  2 worms
  2 dart slugs
  5 leopard geckos
  79 orcs
  8 giant cockroaches
  11 goblins
  8 hobgoblins
  28 jackals
  6 quokkas
  3 bats
  6 frilled lizards
  18 kobolds
  8 rats
  A spectral orc (D:5)
  6 fungi
  44 plants
1113 creatures vanquished.

Vanquished Creatures (others)
  2 fauns
  A black mamba (Snake:4)
  A naga mage (Snake:4)
  A naga (Snake:4)
  A centaur (Shoals:1)
  An electric eel (Lair:1)
  A white imp (IceCv)
  11 fungi
  14 plants
33 creatures vanquished.

Grand Total: 1146 creatures vanquished

Notes
Turn   | Place    | Note
-------+----------+-------------------------------------------
     0 | D:1      | Esekla the Deep Elf Wizard began the quest for the Orb.
     0 | D:1      | Reached XP level 1. HP: 10/10 MP: 7/7
   286 | D:1      | Reached XP level 2. HP: 15/15 MP: 5/9
   308 | D:1      | Reached skill level 5 in Spellcasting
  1069 | D:2      | Reached XP level 3. HP: 10/19 MP: 1/12
  1093 | D:1      | Learned a level 2 spell: Blink
  1097 | D:1      | Learned a level 3 spell: Mephitic Cloud
  1101 | D:1      | Learned a level 3 spell: Conjure Flame
  1302 | D:2      | Noticed Robin
  1316 | D:2      | Killed Robin
  1708 | D:2      | Found a runed translucent door.
  1709 | D:2      | Noticed Crazy Yiuf
  1758 | D:2      | Noticed Terence
  1782 | D:2      | Killed Terence
  1782 | D:2      | Reached XP level 4. HP: 24/24 MP: 9/13
  2049 | D:1      | Reached skill level 1 in Air Magic
  2270 | D:2      | Killed Crazy Yiuf
  2384 | D:3      | Reached skill level 6 in Spellcasting
  2485 | D:3      | Reached XP level 5. HP: 13/28 MP: 2/15
  2916 | D:3      | Reached skill level 1 in Poison Magic
  3824 | D:4      | Learned a level 1 spell: Apportation
  3826 | D:4      | Learned a level 1 spell: Corona
  3833 | D:4      | Reached XP level 6. HP: 32/32 MP: 9/17
  4171 | D:4      | Found the +7 Singing Sword {vorpal, sonic wave}
  4172 | D:4      | Found Maan's Food Shoppe.
  4195 | D:4      | Reached skill level 7 in Spellcasting
  4308 | D:5      | Entered Level 5 of the Dungeon
  4315 | D:5      | Found a shimmering altar of Xom.
  4544 | D:5      | Noticed a sky beast
  4553 | D:5      | Killed a sky beast
  4553 | D:5      | Reached skill level 1 in Long Blades
  4553 | D:5      | Reached XP level 7. HP: 36/36 MP: 11/20
  4753 | D:5      | Found a basalt altar of Yredelemnul.
  4881 | D:5      | Reached skill level 1 in Throwing
  4886 | D:5      | Found Miniyd Sorphe's Distillery.
  4896 | D:5      | Bought a potion of degeneration for 14 gold pieces
  5015 | D:5      | Reached skill level 8 in Spellcasting
  5046 | D:5      | Found a staircase to the Ecumenical Temple.
  5120 | Temple   | Entered the Ecumenical Temple
  5186 | Temple   | Became a worshipper of Qazlal Stormbringer
  5399 | D:5      | Upgraded the game from 0.25-a0-561-g0977b4d109 to
                  | 0.25-a0-565-g8875c97ebb
  5566 | D:6      | Noticed Edmund
  5587 | D:6      | Killed Edmund
  5587 | D:6      | Reached XP level 8. HP: 40/41 MP: 11/22
  5988 | D:6      | Reached * piety under Qazlal
  6372 | D:7      | Reached skill level 9 in Spellcasting
  6589 | D:7      | Reached skill level 1 in Hexes
  6589 | D:7      | Reached skill level 1 in Fire Magic
  6997 | D:8      | Reached XP level 9. HP: 45/45 MP: 17/24
  7071 | D:8      | Reached ** piety under Qazlal
  7392 | D:8      | Reached skill level 5 in Long Blades
  7750 | D:8      | Found a burning altar of Makhleb.
  7750 | D:8      | Found a shimmering blue altar of Sif Muna.
  7750 | D:8      | Found a glowing golden altar of the Shining One.
  8144 | D:9      | Noticed a two-headed ogre
  8525 | D:9      | Found the +6 lightning scales {run, rElec}
  8960 | D:9      | Found an opulent altar of Gozag.
  9248 | D:10     | Entered Level 10 of the Dungeon
  9251 | D:10     | Noticed a two-headed ogre
  9258 | D:10     | Noticed a troll
  9263 | D:10     | Killed a two-headed ogre
  9263 | D:10     | Reached skill level 10 in Spellcasting
  9263 | D:10     | Reached XP level 10. HP: 26/50 MP: 13/26
  9275 | D:10     | Reached skill level 5 in Conjurations
  9282 | D:10     | Reached *** piety under Qazlal
 10335 | D:10     | Found a roughly hewn altar of Beogh.
 10368 | D:10     | Found a staircase to the Orcish Mines.
 10518 | D:10     | Reached skill level 1 in Armour
 10535 | D:10     | Reached skill level 11 in Spellcasting
 10775 | D:10     | Found an opulent altar of Gozag.
 10966 | D:10     | Noticed an unseen horror
 10968 | D:10     | Killed an unseen horror
 11066 | D:11     | Noticed a death yak
 11071 | D:11     | Noticed a death yak
 11085 | D:11     | Killed a death yak
 11086 | D:11     | Killed a death yak
 11086 | D:11     | Reached XP level 11. HP: 54/54 MP: 13/28
 11091 | D:11     | Noticed a death yak
 11295 | D:11     | Found a staircase to the Lair.
 11300 | D:11     | Reached **** piety under Qazlal
 11460 | D:11     | Killed a death yak
 11460 | D:11     | Reached skill level 5 in Fire Magic
 11598 | D:11     | Noticed a two-headed ogre
 11624 | D:11     | Killed a two-headed ogre
 11624 | D:11     | Reached skill level 12 in Spellcasting
 11766 | D:11     | Gained mutation: Potions are less effective at restoring
                  | your health. [potion of mutation]
 11766 | D:11     | Gained mutation: You have very sharp teeth. [potion of
                  | mutation]
 11767 | D:11     | Lost mutation: You have very sharp teeth. [potion of
                  | mutation]
 11767 | D:11     | Gained mutation: Your flesh is cold resistant. (rC+)
                  | [potion of mutation]
 11767 | D:11     | Gained mutation: You are weak. (Str -2) [potion of
                  | mutation]
 11767 | D:11     | Gained mutation: You passively map a small area around you.
                  | [potion of mutation]
 11949 | D:11     | Identified the +2 hunting sling of Jeyk Cirr {venom, rN+
                  | Stlth+}
 12162 | D:12     | Noticed a cyan ugly thing
 12168 | D:12     | Killed a cyan ugly thing
 12808 | Lair:1   | Entered Level 1 of the Lair of Beasts
 12817 | Lair:1   | Reached skill level 5 in Throwing
 13137 | Lair:1   | Noticed Gastronok
 13396 | D:13     | Noticed a deep elf mage
 13408 | D:13     | Killed a deep elf mage
 13420 | D:13     | You fall into a shaft and drop 2 floors!
 13420 | D:15     | Entered Level 15 of the Dungeon
 13423 | D:15     | Noticed a tengu warrior
 13427 | D:15     | Reached ***** piety under Qazlal
 13427 | D:15     | Noticed a death knight
 13429 | D:15     | Killed a tengu warrior
 13446 | D:15     | Noticed a two-headed ogre
 13450 | D:15     | Killed a death knight
 13450 | D:15     | Reached XP level 12. HP: 35/59 MP: 26/30
 13487 | D:15     | Reached skill level 13 in Spellcasting
 13501 | D:15     | Killed a two-headed ogre
 13564 | D:15     | Reached skill level 10 in Long Blades
 13719 | D:14     | Noticed a two-headed ogre
 13732 | D:14     | Killed a two-headed ogre
 13734 | D:14     | Noticed a centaur warrior
 13745 | D:14     | Killed a centaur warrior
 13773 | D:14     | Noticed a vault guard
 13925 | D:15     | Noticed a two-headed ogre
 13936 | D:15     | Killed a two-headed ogre
 14126 | D:15     | Reached skill level 5 in Dodging
 14126 | D:15     | Reached skill level 5 in Poison Magic
 14298 | D:14     | Killed a vault guard
 14298 | D:14     | Reached skill level 14 in Spellcasting
 14306 | D:14     | Noticed a vault guard
 14417 | D:15     | Reached XP level 13. HP: 56/63 MP: 24/33
 15178 | D:15     | Found a staircase to the Depths.
 15403 | D:14     | Lost mutation: You are weak. (Str -2) [potion of mutation]
 15403 | D:14     | Lost mutation: Potions are less effective at restoring your
                  | health. [potion of mutation]
 15403 | D:14     | Lost mutation: Your flesh is cold resistant. (rC+) [potion
                  | of mutation]
 15403 | D:14     | Lost mutation: You passively map a small area around you.
                  | [potion of mutation]
 15403 | D:14     | Gained mutation: You are resistant to hostile enchantments.
                  | (MR+) [potion of mutation]
 15403 | D:14     | Gained mutation: You are highly resistant to hostile
                  | enchantments. (MR++) [potion of mutation]
 15403 | D:14     | Gained mutation: You are frail. (-10% HP) [potion of
                  | mutation]
 15403 | D:14     | Lost mutation: You are frail. (-10% HP) [potion of
                  | mutation]
 15418 | D:14     | You fall into a shaft and drop 1 floor!
 15494 | D:14     | Reached skill level 5 in Armour
 15706 | D:14     | Reached ****** piety under Qazlal
 16052 | D:14     | Found a gate to the Vaults.
 16145 | D:14     | Found a hazy altar of Hepliaklqana.
 16917 | D:13     | Noticed Urug
 16929 | D:13     | Killed Urug
 17638 | Orc:1    | Entered Level 1 of the Orcish Mines
 17638 | Orc:1    | Found Mem Ytem's Antique Weapon Emporium.
 17639 | Orc:1    | Noticed Harold
 17656 | Orc:1    | Killed Harold
 17734 | Orc:2    | Entered Level 2 of the Orcish Mines
 17848 | Orc:2    | Found a roughly hewn altar of Beogh.
 17962 | Orc:2    | Noticed an orc warlord
 17972 | Orc:2    | Reached skill level 15 in Spellcasting
 17972 | Orc:2    | Reached XP level 14. HP: 26/68 MP: 25/35
 18001 | Orc:2    | Killed an orc warlord
 18493 | Orc:2    | Reached skill level 5 in Air Magic
 18702 | Orc:2    | Found Oziyg's Weapon Boutique.
 18757 | Orc:2    | Found a staircase to the Elven Halls.
 18789 | Orc:2    | Found Sioklauq's Antique Armour Emporium.
 18814 | Orc:2    | Found Wure's Antique Armour Shop.
 18824 | Orc:2    | Found Jeifo's Magic Scroll Boutique.
 18870 | Orc:2    | Bought a faintly humming helmet for 313 gold pieces
 18870 | Orc:2    | Identified the +2 helmet "Exiler" {+Inv rPois Str-2} (You
                  | bought it in a shop on level 2 of the Orcish Mines)
 19572 | Orc:1    | You fall into a shaft and drop 1 floor!
 19577 | Orc:2    | Upgraded the game from 0.25-a0-565-g8875c97ebb to
                  | 0.25-a0-566-g062765be81
 19739 | D:11     | Killed Gastronok
 19739 | D:11     | Reached skill level 1 in Shields
 19797 | Lair:1   | Reached skill level 1 in Evocations
 20652 | Lair:2   | Reached skill level 1 in Fighting
 21586 | Lair:3   | Found a staircase to the Shoals.
 21659 | Lair:3   | Noticed Sonja
 21673 | Lair:3   | Killed Sonja
 21673 | Lair:3   | Reached skill level 16 in Spellcasting
 21855 | Lair:3   | Noticed Fannar
 21862 | Lair:3   | Killed Fannar
 21904 | Lair:3   | Reached XP level 15. HP: 74/74 MP: 31/37
 21987 | Lair:3   | Found a staircase to the Snake Pit.
 22666 | Lair:4   | Found a hide-covered altar of Uskayaw.
 23404 | Lair:4   | Identified a scroll of acquirement
 23755 | Lair:5   | Noticed Kirke
 23762 | Lair:5   | Noticed a sphinx
 23958 | Lair:5   | Killed Kirke
 24384 | Lair:5   | Found a staircase to the Slime Pits.
 24384 | Lair:5   | Found a viscous altar of Jiyva.
 24398 | Lair:5   | Got an ivory trident
 24403 | Lair:5   | Identified the +4 trident of a Hundred Demons {drain, rC+}
                  | (You found it on level 5 of the Lair of Beasts)
 24854 | Lair:6   | Entered Level 6 of the Lair of Beasts
 24885 | Lair:6   | Reached skill level 1 in Short Blades
 25163 | Lair:6   | Reached skill level 15 in Long Blades
 25168 | Lair:6   | Reached skill level 5 in Evocations
 26312 | Lair:6   | Learned a level 3 spell: Tukima's Dance
 26317 | Lair:6   | Learned a level 4 spell: Dispel Undead
 26417 | Snake:1  | Entered Level 1 of the Snake Pit
 26494 | Snake:1  | Reached XP level 16. HP: 83/83 MP: 36/38
 26501 | Lair:3   | Reached skill level 1 in Necromancy
 26726 | Snake:1  | Noticed Josephine
 26750 | Lair:3   | Reached skill level 5 in Hexes
 26783 | Snake:1  | Killed Josephine
 26818 | Snake:1  | Found Kiridod's Magic Scroll Boutique.
 26851 | Snake:1  | Found Iraforgh's Weapon Boutique.
 26874 | Snake:1  | Bought a scroll of enchant armour for 90 gold pieces
 26874 | Snake:1  | Bought a scroll of identify for 24 gold pieces
 27444 | Snake:2  | Noticed Aizul
 27473 | Snake:2  | Killed Aizul
 27545 | Snake:2  | Noticed Donald
 27606 | Snake:2  | Found Geozig's Jewellery Shop.
 27607 | Snake:2  | Found Boqy's Gadget Shoppe.
 27607 | Snake:2  | Found Wibifiwk's Gadget Shoppe.
 27620 | Snake:2  | Bought the amulet "Enil" {Reflect +Blink MR++ SH+2} for 598
                  | gold pieces
 27651 | Snake:2  | Killed Donald
 27681 | Snake:2  | Found a shimmering altar of Xom.
 27685 | Snake:2  | Found a frozen archway.
 27838 | IceCv    | Entered an ice cave
 27983 | IceCv    | Learned a level 3 spell: Vampiric Draining
 29463 | IceCv    | Noticed an Ice Fiend
 29483 | IceCv    | Killed an Ice Fiend
 29811 | IceCv    | Identified the ring of Bon Gink {rF+ rN+ Dex+4} (You found
                  | it in an ice cave)
 30197 | Snake:2  | Reached skill level 17 in Spellcasting
 30200 | Snake:2  | Noticed Azrael
 30220 | Snake:2  | Killed Azrael
 31432 | Snake:3  | Reached skill level 5 in Shields
 31674 | Snake:3  | Got a scorched leather armour
 31904 | Orc:2    | Bought a scroll of identify for 22 gold pieces
 31904 | Orc:2    | Bought a scroll of fear for 38 gold pieces
 31904 | Orc:2    | Bought a scroll of identify for 22 gold pieces
 31904 | Orc:2    | Bought a scroll of identify for 22 gold pieces
 31905 | Orc:2    | Identified the cursed +0 leather armour of Midsummer {rElec
                  | MR+} (You found it on level 3 of the Snake Pit)
 32087 | Shoals:1 | Entered Level 1 of the Shoals
 32455 | Shoals:1 | Reached XP level 17. HP: 85/88 MP: 40/40
 33430 | Snake:4  | Entered Level 4 of the Snake Pit
 33853 | Snake:4  | Reached skill level 10 in Dodging
 33943 | Snake:4  | Reached skill level 5 in Necromancy
 34412 | Snake:4  | Found a glowing golden altar of the Shining One.
 34651 | Snake:4  | Got a serpentine rune of Zot
 35736 | Shoals:2 | Reached skill level 5 in Fighting
 36128 | Shoals:2 | Learned a level 3 spell: Ozocubu's Armour
 36132 | Shoals:2 | Learned a level 3 spell: Frozen Ramparts
 36137 | Shoals:2 | Learned a level 4 spell: Hailstorm
 36362 | Shoals:3 | Noticed Ilsuiw
 36369 | Shoals:3 | Hit by a silver javelin thrown by a merfolk javelineer

Levels and vault maps discovered:
D:1:      nicolae_arrival_somewhat_less_tricky_arrival, layout_basic
D:2:      layout_rooms, uniq_terence, uniq_robin, uniq_crazy_yiuf_cottage
D:3:      layout_rooms, chequers_arboretum
D:4:      layout_loops_corners, serial_shops, shop, first_ration
D:5:      layout_loops_corners, yredelemnul_forgotten_temple_becter,
          old_standard_altar, minmay_temple_entry_statues_pillars, serial_shops,
          shop
D:6:      layout_loops_ring, uniq_edmund
D:7:      layout_loops_ring, the_bakery
D:8:      layout_loops_corners, gammafunk_temple_overflow_forgotten,
          grunt_ministairs_2
D:9:      layout_basic, kennysheep_mini, grunt_decor_arrowhead
D:10:     layout_long_grid, david_orc_3, special_room [special_room_orc],
          nicolae_gozag_seed_capital
D:11:     layout_basic, dpeg_lair_monsters
D:12:     layout_small_grid
D:13:     layout_grid_maze, uniq_urug
D:14:     layout_cave_pods, lightli_vaults_fourway_checkpoint, chequers_garden,
          basic_altar
D:15:     gammafunk_enter_depths_forms, layout_basic, minmay_parallelograms
Temple:   kb_temple_of_zot
Lair:1:   layout_cave_shapes, serial_bayou, serial_bayou_lake_a,
          serial_bayou_pond_c, serial_bayou_lagoon_a, serial_bayou_crossing,
          serial_bayou_shore_a, uniq_gastronok
Lair:2:   layout_roguey, minmay_shattered_shrine
Lair:3:   layout_cave_pods, minmay_shoals_entry_centaurs, dummy_snake_entry,
          uniq_fannar, uniq_sonja
Lair:4:   layout_loops_ring, basic_altar, grunt_megastairs_1
Lair:5:   layout_regular_city, slime_altar_1, beast_lair_carwin_8,
          grunt_megastairs_2, uniq_kirke
Lair:6:   grunt_lair_end_beastmaster, layout_regular_city
Shoals:1: layout_shoals, nicolae_shoals_this_corrosion
Shoals:2: layout_shoals, hangedman_shoals_cup_caves
Shoals:3: layout_shoals, uniq_ilsuiw, uniq_polyphemus
Snake:1:  nicolae_snake_hallway, layout_onion_interference, minmay_shop_star,
          uniq_josephine
Snake:2:  skrybe_snakes_to_sticks, layout_onion_interference,
          portal_ice_cave_entry_dragon, grunt_ministairs_15, drop_trap,
          minmay_shop_grove, uniq_aizul, uniq_donald, uniq_azrael
Snake:3:  layout_layer_cave
Snake:4:  minmay_snake_end_coiled, layout_misc_corridors, basic_altar
Orc:1:    layout_diamond_mine, serial_shops, shop, uniq_harold
Orc:2:    st_orc_open, layout_diamond_mine, basic_altar

Skill      XL: |  1  2  3  4  5  6  7  8  9 10 11 12 13 14 15 16 17 |
---------------+----------------------------------------------------+-----
Spellcasting   | 5 6 7 8 9 10 11 12 14 15 16 17 | 17.7
Conjurations   | 2 3 4 5 6 7 8 |  8.9
Air Magic      | 1 2 3 4 5 |  5.5
Stealth        | 3 |  3.5
Poison Magic   | 1 2 3 4 5 6 |  6.5
Translocations | 2 3 4 |  4.4
Long Blades    | 1 2 4 6 7 9 11 13 14 15 16 | 16.4
Throwing       | 1 2 3 4 5 6 7 8 |  8.0
Dodging        | 3 4 5 6 8 9 10 | 10.7
Hexes          | 2 4 6 7 |  7.0
Fire Magic     | 1 3 4 5 6 |  6.0
Armour         | 2 3 4 5 |  5.0
Shields        | 1 3 5 6 |  6.8
Evocations     | 3 5 7 8 |  8.4
Fighting       | 1 3 5 |  5.0
Short Blades   | 1 |  1.1
Necromancy     | 4 6 |  6.0
Summonings     | |  1.1
Ice Magic      | |  0.5

Action                   |  1- 3 |  4- 6 |  7- 9 | 10-12 | 13-15 | 16-18 || total
-------------------------+-------+-------+-------+-------+-------+-------++-------
Melee: Unarmed           |     1 |       |       |       |       |       ||     1
       Dagger            |     3 |       |       |       |    26 |       ||    29
       Short sword       |     1 |    29 |       |       |       |       ||    30
       Falchion          |       |    26 |       |       |       |       ||    26
       Double sword      |       |     8 |   133 |   257 |   801 |   934 ||  2133
       Trident           |       |       |       |       |    20 |    50 ||    70
Throw: Dart              |    11 |    21 |    62 |   121 |   227 |    23 ||   465
       Javelin           |       |     7 |       |       |       |       ||     7
 Cast: Magic Dart        |    80 |    85 |    91 |   142 |   191 |   131 ||   720
       Mephitic Cloud    |     2 |    13 |    18 |    64 |   109 |    26 ||   232
       Blink             |       |     8 |    12 |    18 |    16 |     1 ||    55
       Conjure Flame     |       |     4 |    14 |    19 |    26 |    15 ||    78
       Apportation       |       |     1 |       |     2 |     3 |     2 ||     8
       Corona            |       |       |       |     2 |     3 |       ||     5
Evoke: Tin of tremorston |       |       |       |       |       |     1 ||     1
  Use: Scroll            |       |     9 |     8 |    10 |     9 |     6 ||    42
       Potion            |       |       |       |     6 |     3 |    11 ||    20
 Stab: Sleeping          |     1 |     4 |     4 |       |       |       ||     9
       Confused          |       |     5 |     1 |    12 |    44 |    20 ||    82
       Paralysed         |       |       |       |     1 |       |       ||     1
       Distracted        |       |       |       |       |       |     1 ||     1
  Eat: Chunk             |     1 |     9 |    16 |    24 |    33 |     8 ||    91
       Ration            |       |       |       |       |       |     7 ||     7
Armor: Robe              |     1 |    18 |    44 |    10 |       |       ||    73
       Troll leather arm |       |       |       |    79 |   171 |   109 ||   359
       Ring mail         |       |       |       |       |       |    27 ||    27
Dodge: Dodged            |     4 |    54 |    92 |   131 |   358 |   387 ||  1026
       Deflected         |       |       |       |     3 |    24 |    67 ||    94
Block: Other             |       |       |     6 |    50 |   159 |       ||   215
       Buckler           |       |       |       |       |   152 |   567 ||   719
       Reflection        |       |       |       |       |       |    89 ||    89
       Rpst.: Falchion   |       |     8 |       |       |       |       ||     8
       Double sword      |       |     1 |    31 |    25 |    92 |    51 ||   200

Table legend:
 A = Non-vault XP
 B = Vault XP
 C = Vault XP percentage of total XP
 D = Non-vault monster count
 E = Vault monster count
 F = Vault count percentage of total count
                 A         B        C        D         E       F
            +---------+---------+-------+---------+---------+-------
      Total |  165902 |  112660 |  40.4 |     752 |     318 |  29.7
            +---------+---------+-------+---------+---------+-------
        D:1 |      46 |       0 |   0.0 |      22 |       0 |   0.0
        D:2 |      30 |     109 |  78.4 |      13 |      13 |  50.0
        D:3 |     161 |       0 |   0.0 |      22 |       0 |   0.0
        D:4 |     224 |       0 |   0.0 |      14 |       0 |   0.0
        D:5 |     669 |       1 |   0.1 |      18 |       1 |   5.3
        D:6 |     619 |     171 |  21.6 |      30 |       1 |   3.2
        D:7 |     299 |     220 |  42.4 |       9 |       1 |  10.0
        D:8 |    1552 |      63 |   3.9 |      35 |       2 |   5.4
        D:9 |     953 |       0 |   0.0 |      19 |       0 |   0.0
       D:10 |    4110 |     723 |  15.0 |      29 |      23 |  44.2
       D:11 |    3012 |    4761 |  61.3 |      24 |       7 |  22.6
       D:12 |    1821 |       0 |   0.0 |      16 |       0 |   0.0
       D:13 |   11992 |     835 |   6.5 |      39 |       1 |   2.5
       D:14 |   10184 |    4400 |  30.2 |      51 |      10 |  16.4
       D:15 |   10955 |    5187 |  32.1 |      38 |      13 |  25.5
     Lair:1 |    2962 |       0 |   0.0 |      20 |       0 |   0.0
     Lair:2 |    2630 |    4483 |  63.0 |      12 |      10 |  45.5
     Lair:3 |   16236 |    2756 |  14.5 |      53 |       9 |  14.5
     Lair:4 |    6619 |    1159 |  14.9 |      29 |       5 |  14.7
     Lair:5 |    5667 |    5872 |  50.9 |      23 |      16 |  41.0
     Lair:6 |   16730 |    9032 |  35.1 |      48 |      19 |  28.4
   Shoals:1 |    6101 |     451 |   6.9 |      15 |       1 |   6.2
   Shoals:2 |   17099 |    6957 |  28.9 |      38 |      12 |  24.0
   Shoals:3 |    1432 |       0 |   0.0 |       3 |       0 |   0.0
    Snake:1 |    6997 |    9600 |  57.8 |      19 |      20 |  51.3
    Snake:2 |    7072 |    6728 |  48.8 |      13 |      13 |  50.0
    Snake:3 |   16261 |    1380 |   7.8 |      31 |       2 |   6.1
    Snake:4 |    8009 |   21267 |  72.6 |      20 |      43 |  68.3
      Orc:1 |    1659 |     997 |  37.5 |      23 |       1 |   4.2
      Orc:2 |    3801 |   15429 |  80.2 |      26 |      37 |  58.7
      IceCv |       0 |   10079 | 100.0 |       0 |      58 | 100.0
            +---------+---------+-------+---------+---------+-------
